 Dungeon Crawl Stone Soup version 0.19.5 (webtiles) character file.

9727 JeffiDaFish the Basher (level 11, -2/67 HPs)
             Began as a Gargoyle Fighter on Nov 8, 2017.
             Was an Elder of Okawaru.
             Slain by a troll (7 damage)
             ... on level 11 of the Dungeon.
             The game lasted 00:22:47 (9814 turns).

JeffiDaFish the Basher (Gargoyle Fighter)           Turns: 9814, Time: 00:22:48

Health: -2/67      AC:  8    Str: 22      XL:     11   Next: 51%
Magic:  11/11      EV: 12    Int:  9      God:    Okawaru [****..]
Gold:   727        SH: 14    Dex: 18 (19) Spells: 0 memorised, 10 levels left

rFire  . . .     SeeInvis +     s - +7 flail "Beetleslayer" {drain, *Corrode +Rage rPois Str+2}
rCold  . . .     Gourm    .     y - +0 plate armour
rNeg   + + .     Faith    .     c - +1 shield
rPois  ∞         Spirit   .     k - +1 helmet
rElec  +         Reflect  .     (no cloak)
rCorr  .         Harm     .     (no gloves)
MR     +....                    r - +0 pair of boots
Stlth  ..........               (no amulet)
                                z - ring of the Insatiable Wonders {*Contam rN+ MR+ Stlth+}
                                e - +2 ring of dexterity

@: agile, corroded
A: see invisible, negative energy resistance 1, electricity resistance,
unbreathing, petrification resistance, rot immunity, AC +7
a: Heroism, Renounce Religion, Evoke Berserk Rage


You were on level 11 of the Dungeon.
You worshipped Okawaru.
Okawaru was greatly pleased with you.
You were not hungry.

You visited 2 branches of the dungeon, and saw 12 of its levels.

You collected 727 gold pieces.

Inventory:

Hand Weapons
 a - a +2 flail
 s - the +7 flail "Beetleslayer" (weapon) {drain, *Corrode +Rage rPois Str+2}
   (You found it on level 7 of the Dungeon)

   A truly terrible weapon, it drains the life of those it strikes.
   It affects your strength (+2).
   It protects you from poison.
   It lets you go berserk.
   It may corrode you when you take damage.
Armour
 c - a +1 shield (worn)
 k - a +1 helmet (worn)
 r - a +0 pair of boots (worn)
 y - a +0 plate armour (worn)
Jewellery
 e - a +2 ring of dexterity (left hand)
 z - the ring of the Insatiable Wonders (right hand) {*Contam rN+ MR+ Stlth+}
   (You found it on level 8 of the Dungeon)

   [ring of protection from magic]

   It protects you from negative energy.
   It affects your resistance to hostile enchantments.
   It causes magical contamination when unequipped.
   It makes you more stealthy.
Wands
 u - a wand of teleportation (6/9)
Scrolls
 m - 8 scrolls of identify
 n - 2 scrolls of recharging
 q - 2 scrolls of teleportation
 t - 4 scrolls of remove curse
 x - a scroll of amnesia
 A - 2 scrolls of blinking
Potions
 d - 2 potions of might
 o - 7 potions of curing
 p - 3 potions of agility
 w - 2 potions of heal wounds
Books
 v - a book of Maledictions

   Spells                             Type                      Level
   a - Corona                         Hexes                        1
   b - Ensorcelled Hibernation        Hexes/Ice                    2
   c - Confuse                        Hexes                        3
   d - Tukima's Dance                 Hexes                        3
   e - Dazzling Spray                 Conjuration/Hexes            3
 B - a book of Conjurations

   Spells                             Type                      Level
   a - Magic Dart                     Conjuration                  1
   b - Searing Ray                    Conjuration                  2
   c - Dazzling Spray                 Conjuration/Hexes            3
   d - Fulminant Prism                Conjuration/Hexes            4
   e - Iskenderun's Mystic Blast      Conjuration                  4
   f - Iskenderun's Battlesphere      Conjuration/Charms           5
Comestibles
 b - 2 chunks of flesh
 f - 8 bread rations
 g - 8 meat rations
 h - a royal jelly
 i - 5 fruits
 j - 3 slices of pizza
 l - 3 beef jerkies


   Skills:
 + Level 7.5 Fighting
 + Level 11.8 Maces & Flails
 + Level 7.8 Armour
 + Level 3.1 Dodging
 + Level 1.4 Stealth
 + Level 10.2 Shields


You had 10 spell levels left.
You didn't know any spells.

Dungeon Overview and Level Annotations

Branches:
Dungeon (11/15)            Temple (1/1) D:7            Lair (0/6) D:11
    Orc (0/2) D:9

Altars:
Ashenzari
Cheibriados
Dithmenos
Elyvilon
Fedhas
Gozag
Makhleb
Nemelex Xobeh
Okawaru
Qazlal
Ru
Sif Muna
Trog
Uskayaw
Vehumet
Xom
Yredelemnul
Zin
The Shining One
Beogh

Annotations:
D:11 exclusion: oklob plant


Innate Abilities, Weirdness & Mutations

You are resistant to torment.
Your stone body is resilient. (AC +7)
You are immune to poison.
You resist negative energy. (rN+)
You are resistant to electric shocks. (rElec)
You can survive without breathing.
You are immune to petrification.
You are immune to rotting.
You have supernaturally acute eyesight. (SInv)


Message History

The oklob plant is almost destroyed.
The orc wizard hits the plant but does no damage.
The orc priest hits the plant with a club.
You block the gnoll's attack. The troll bites you but does no damage.
The troll claws you.
Your corrosive artefact corrodes you!
You block the troll's attack. The gnoll hits you but does no damage.
You hit the oklob plant but do no damage.
The oklob plant is almost destroyed.
The orc wizard hits the plant but does no damage.
The oklob plant spits acid at you. The splash of acid hits you!
The acid corrodes you!
You are splashed with acid!
The acid burns!
* * * LOW HITPOINT WARNING * * *
You hit the oklob plant but do no damage.
The oklob plant is almost destroyed.
The orc priest hits the plant but does no damage.
The troll bites you!
* * * LOW HITPOINT WARNING * * *
The troll claws you!
You die...

# #####
...#######...#
#.gg....#..####
...#gT@#.......#
#PPP##......#
.ooPPP...#....#
#..oP>P...#....#
#..PPPP...#....#
...##...##......#
... #...#.......+
.. .......#.....#
#######...####


You could see an oklob plant, a troll, an orc priest, 2 orc wizards and 3
gnolls.

Vanquished Creatures
  Erica (D:9)
  The ghost of dividedbypotato the Shield-Bearer, a novice FoFi of Okawaru (D:7)
  A hill giant (D:10)
  An ugly thing (D:10)
  2 trolls
  2 two-headed ogres (D:8)
  4 hippogriffs
  Grum (D:10)
  A steam dragon (D:7)
  2 chaos spawn (D:10)
  An eye of draining (D:9)
  2 sky beasts
  3 ice beasts
  A black bear (D:7)
  3 ogres
  8 orc warriors
  2 phantoms
  2 necrophages
  4 wolves (D:10)
  5 centaurs
  A big kobold (D:10)
  10 bullfrogs
  4 scorpions
  10 wights
  5 crimson imps
  A centaur zombie (D:11)
  2 quasits (D:10)
  A bullfrog zombie (D:9)
  2 hounds
  4 jellies
  2 bullfrog skeletons
  13 orc priests
  3 iguanas
  4 orc wizards
  5 worker ants
  A hound skeleton (D:10)
  2 worker ant zombies (D:10)
  Robin (D:2)
  5 gnolls
  9 adders
  A shadow imp (D:7)
  4 oozes
  An adder skeleton (D:3)
  4 adder zombies
  6 worms
  2 dart slugs (D:1)
  5 leopard geckos
  54 orcs
  3 giant cockroaches
  28 goblins
  17 hobgoblins
  9 jackals
  24 kobolds
  7 quokkas
  2 ball pythons
  5 bats
  4 frilled lizards
  8 rats
316 creatures vanquished.

Notes
Turn   | Place    | Note
-------+----------+-------------------------------------------
     0 | D:1      | JeffiDaFish the Gargoyle Fighter began the quest for the Orb.
     0 | D:1      | Reached XP level 1. HP: 14/14 MP: 1/1
   125 | D:1      | Reached XP level 2. HP: 19/19 MP: 2/2
   668 | D:1      | Reached XP level 3. HP: 23/23 MP: 3/3
  1028 | D:2      | Noticed Robin
  1035 | D:2      | Reached XP level 4. HP: 28/28 MP: 4/4
  1066 | D:2      | Reached skill level 3 in Maces & Flails
  1080 | D:2      | Killed Robin
  1863 | D:3      | Found a radiant altar of Vehumet.
  2113 | D:3      | Reached XP level 5. HP: 28/33 MP: 5/5
  2205 | D:3      | Reached skill level 4 in Maces & Flails
  2482 | D:4      | Found an opulent altar of Gozag.
  2633 | D:4      | Reached XP level 6. HP: 36/38 MP: 6/6
  2911 | D:4      | Found a snail-covered altar of Cheibriados.
  3250 | D:5      | Entered Level 5 of the Dungeon
  3251 | D:5      | Noticed a necrophage
  3262 | D:5      | Killed a necrophage
  3262 | D:5      | Reached skill level 5 in Shields
  3269 | D:5      | Reached skill level 1 in Dodging
  3391 | D:5      | Found a glowing golden altar of the Shining One.
  3397 | D:5      | Reached XP level 7. HP: 38/43 MP: 7/7
  3571 | D:5      | Reached skill level 5 in Maces & Flails
  3619 | D:5      | You fall through a shaft for 3 floors!
  3620 | D:8      | Found a stormy altar of Qazlal.
  3914 | D:7      | Reached skill level 6 in Maces & Flails
  4149 | D:7      | Reached XP level 8. HP: 42/48 MP: 8/8
  4614 | D:6      | Reached skill level 5 in Armour
  5141 | D:6      | Reached skill level 7 in Maces & Flails
  5245 | D:6      | Reached skill level 5 in Fighting
  5271 | D:6      | Reached XP level 9. HP: 31/54 MP: 9/9
  5725 | D:7      | Found a hide-covered altar of Uskayaw.
  5921 | D:7      | Reached skill level 8 in Maces & Flails
  6189 | D:7      | Reached skill level 1 in Stealth
  6343 | D:7      | Noticed dividedbypotato's ghost (novice FoFi)
  6552 | D:7      | Killed dividedbypotato's ghost
  6552 | D:7      | Reached skill level 9 in Maces & Flails
  6665 | D:7      | Reached XP level 10. HP: 60/60 MP: 10/10
  6713 | D:7      | Got a jewelled flail
  6714 | D:7      | Identified the +7 flail "Beetleslayer" {drain, *Corrode +Rage rPois Str+2} (You found it on level 7 of the Dungeon)
  6837 | D:7      | Found a staircase to the Ecumenical Temple.
  6844 | Temple   | Entered the Ecumenical Temple
  6910 | Temple   | Became a worshipper of Warmaster Okawaru
  7136 | D:7      | Found a burning altar of Makhleb.
  7398 | D:8      | Reached skill level 10 in Maces & Flails
  7453 | D:8      | Got an ancient silver ring
  7454 | D:8      | Identified the ring of the Insatiable Wonders {*Contam rN+ MR+ Stlth+} (You found it on level 8 of the Dungeon)
  7466 | D:8      | Reached * piety under Okawaru
  7760 | D:8      | Reached ** piety under Okawaru
  7943 | D:9      | Noticed Erica
  7958 | D:9      | Killed Erica
  8046 | D:9      | Found a roughly hewn altar of Beogh.
  8094 | D:9      | Reached skill level 11 in Maces & Flails
  8100 | D:9      | Reached XP level 11. HP: 63/66 MP: 11/11
  8160 | D:9      | Found a staircase to the Orcish Mines.
  8169 | D:9      | Reached *** piety under Okawaru
  8317 | D:9      | Gained mutation: You have supernaturally acute eyesight. (SInv) [potion of beneficial mutation]
  8737 | D:10     | Entered Level 10 of the Dungeon
  8757 | D:10     | Noticed a red ugly thing
  8765 | D:10     | Killed a red ugly thing
  8918 | D:10     | Noticed Grum
  8967 | D:10     | Killed Grum
  9165 | D:10     | Found a shimmering altar of Xom.
  9198 | D:10     | Reached **** piety under Okawaru
  9203 | D:10     | Reached skill level 10 in Shields
  9284 | D:10     | Noticed a hill giant
  9293 | D:10     | Killed a hill giant
  9774 | D:11     | Noticed an oklob plant
  9783 | D:11     | Found a staircase to the Lair.
  9814 | D:11     | Slain by a troll

Skill      XL: |  1  2  3  4  5  6  7  8  9 10 11 |
---------------+----------------------------------+-----
Shields        | 4 5 6 8 9 10 | 10.2
Maces & Flails | 3 4 6 7 9 11 | 11.8
Armour         | 4 5 6 7 |  7.8
Fighting       | 4 5 6 7 |  7.5
Dodging        | 1 2 3 |  3.1
Stealth        | 1 |  1.4

Action                   |  1- 3 |  4- 6 |  7- 9 | 10-12 || total
-------------------------+-------+-------+-------+-------++-------
Melee: Flail             |   106 |   215 |   484 |   393 ||  1198
  Use: Scroll            |     5 |     6 |     5 |     3 ||    19
       Potion            |     1 |     6 |     4 |     8 ||    19
  Eat: Chunk             |     1 |     8 |    11 |    11 ||    31
Armor: Scale mail        |    56 |    95 |    57 |       ||   208
       Chain mail        |       |       |   178 |    16 ||   194
       Plate armour      |       |       |       |   154 ||   154
Dodge: Dodged            |    28 |    59 |   106 |    74 ||   267
Block: Shield            |    65 |   131 |   306 |   225 ||   727
